 Dungeon Crawl Stone Soup version 0.26-a0-50-gc4d14cd (webtiles) character file.

Game seed: 5583092314195888627

121 thirtiethelement the Skirmisher (level 5, -2/47 HPs)
             Began as a Gnoll Abyssal Knight on June 4, 2020.
             Was a Believer of Lugonu.
             Killed from afar by an orc wizard (9 damage)
             ... with a magic dart
             ... on level 3 of the Dungeon on June 5, 2020.
             The game lasted 00:07:41 (3127 turns).

thirtiethelement the Skirmisher (GnAK)              Turns: 3127, Time: 00:07:42

Health: -2/47      AC:  6    Str: 15    XL:     5   Next: 5%
Magic:  7/7        EV: 14    Int: 14    God:    Lugonu [**....]
Gold:   144        SH:  0    Dex: 25    Spells: 6/6 levels left

rFire    + . .     SeeInvis .   n - +0 broad axe
rCold    . . .     Gourm    .   (no shield)
rNeg     . . .     Faith    .   b - +1 leather armour
rPois    .         Spirit   .   (no helmet)
rElec    +         Reflect  .   g - +1 cloak
rCorr    .         Harm     .   (no gloves)
MR       .....                  (no boots)
Stlth    +++.......             (no amulet)
HPRegen  0.15/turn              d - ring of protection from fire
MPRegen  0.10/turn              p - +6 ring of dexterity

@: lightly drained
A: distributed training, fangs 1, thin skeletal structure 1, agile 1, low mp 1,
electricity resistance, strong nose
a: Depart the Abyss, Bend Space, Renounce Religion


You were on level 3 of the Dungeon.
You worshipped Lugonu.
Lugonu was pleased with you.
You were not hungry.

You visited 1 branch of the dungeon, and saw 3 of its levels.
You visited the Abyss 1 time.

You collected 144 gold pieces.

Inventory:

Hand Weapons
 a - a +1 falchion
 n - a +0 broad axe (weapon)
Armour
 b - a +1 leather armour (worn)
 g - a +1 cloak (worn)
Jewellery
 d - a ring of protection from fire (left hand)
 i - an uncursed ring of stealth
 l - an uncursed ring of ice
 p - a +6 ring of dexterity (right hand)
Scrolls
 f - a scroll of fear
 h - a scroll of amnesia
 j - a scroll of identify
 m - a scroll of remove curse
Potions
 e - a potion of lignification
Comestibles
 c - 6 rations


   Skills:
 + Level 6.6(6.4) Fighting
 + Level 1.3(1.1) Short Blades
 + Level 4.7(4.5) Long Blades
 + Level 1.3(1.1) Axes
 + Level 1.3(1.1) Maces & Flails
 + Level 1.3(1.1) Polearms
 + Level 1.3(1.1) Staves
 + Level 1.3(1.1) Slings
 + Level 1.3(1.1) Bows
 + Level 1.3(1.1) Crossbows
 + Level 1.3(1.1) Throwing
 + Level 4.7(4.5) Armour
 + Level 2.8(2.7) Dodging
 + Level 1.3(1.1) Stealth
 + Level 1.3(1.1) Shields
 + Level 1.3(1.1) Unarmed Combat
 + Level 1.3(1.1) Spellcasting
 + Level 1.0(0.9) Conjurations
 + Level 1.0(0.9) Hexes
 + Level 1.0(0.9) Charms
 + Level 1.0(0.9) Summonings
 + Level 1.0(0.9) Necromancy
 + Level 1.0(0.9) Translocations
 + Level 1.0(0.9) Transmutations
 + Level 1.0(0.9) Fire Magic
 + Level 1.0(0.9) Ice Magic
 + Level 1.0(0.9) Air Magic
 + Level 1.0(0.9) Earth Magic
 + Level 1.0(0.9) Poison Magic
 + Level 4.8(4.6) Invocations
 + Level 1.3(1.1) Evocations


You had 6 spell levels left.
You didn't know any spells.
Your spell library was empty.

Dungeon Overview and Level Annotations

Branches:
Dungeon (3/15)

Altars:

Annotations:
D:3 Natasha


Innate Abilities, Weirdness & Mutations

Your experience applies equally to all skills.
You have very sharp teeth.
Your uncanny sense of smell can sniff out nearby items.
You have a somewhat thin skeletal structure. (Dex +2, Stealth)
You are agile. (Dex +2)
Your magical capacity is low. (-10% MP)
You are resistant to electric shocks. (rElec)


Message History

You kill the orc!
Lugonu accepts your kill.
You miss the orc wizard. The orc wizard casts a spell at you.
The magic dart hits you! The orc hits you but does no damage.
The orc wizard closely misses you.
You hit the orc wizard.
The orc wizard is lightly wounded.
You hit the orc. The orc closely misses you. The orc wizard misses you.
You hit the orc wizard but do no damage.
The orc wizard is lightly wounded.
You barely miss the orc. The orc hits you.
The orc wizard hits you but does no damage.
Natasha casts a spell at you. The magic dart hits you!
* * * LOW HITPOINT WARNING * * *
The orc closely misses you. The orc wizard casts a spell at you.
The magic dart hits you!
You die...

.......##...#####
.##....##.......#
.)..............#
......#.........#
......#....#...#####+###
...####....#...# .......
.....##....#...##o...?..
.....##....#....ooo.....
.....##..<##..h.@#
..###............#
....+...........##
..###.........#.#
######..........# #
#..........#.# ∆ ∆
####.....##'###.##
..............#..##
..............#...###############


You could see an orc priest, an orc wizard, Natasha and 2 orcs.

Vanquished Creatures
  Natasha (D:3)
  An adder (D:2)
  An ooze (D:3)
  2 worms (D:2)
  3 dart slugs
  A leopard gecko (D:2)
  2 orcs (D:3)
  A ball python (D:1)
  4 bats (D:2)
  3 giant cockroaches
  4 goblins
  5 hobgoblins
  12 jackals
  8 kobolds
  6 frilled lizards
  10 rats
64 creatures vanquished.

Notes
Turn   | Place    | Note
-------+----------+-------------------------------------------
     0 | Abyss:1  | thirtiethelement the Gnoll Abyssal Knight began the quest
                  | for the Orb.
     0 | Abyss:1  | Reached XP level 1. HP: 23/23 MP: 3/3
    99 | Abyss:2  | Noticed a crimson imp
    99 | Abyss:2  | Noticed a crimson imp
   113 | D:1      | Escaped the Abyss
   532 | D:1      | Reached XP level 2. HP: 29/29 MP: 5/5
   533 | D:1      | Reached * piety under Lugonu
   900 | D:1      | Reached XP level 3. HP: 23/35 MP: 6/6
  1963 | D:2      | Reached skill level 1 in Short Blades
  1963 | D:2      | Reached skill level 1 in Axes
  1963 | D:2      | Reached skill level 1 in Maces & Flails
  1963 | D:2      | Reached skill level 1 in Polearms
  1963 | D:2      | Reached skill level 1 in Staves
  1963 | D:2      | Reached skill level 1 in Slings
  1963 | D:2      | Reached skill level 1 in Bows
  1963 | D:2      | Reached skill level 1 in Crossbows
  1963 | D:2      | Reached skill level 1 in Throwing
  1963 | D:2      | Reached skill level 1 in Stealth
  1963 | D:2      | Reached skill level 1 in Shields
  1963 | D:2      | Reached skill level 1 in Unarmed Combat
  1963 | D:2      | Reached skill level 1 in Spellcasting
  1963 | D:2      | Reached skill level 1 in Evocations
  1963 | D:2      | Reached XP level 4. HP: 32/41 MP: 7/7
  2168 | D:2      | Reached ** piety under Lugonu
  2657 | D:2      | Upgraded the game from 0.26-a0-43-g20b394c to
                  | 0.26-a0-50-gc4d14cd
  2929 | D:3      | Noticed Natasha
  2937 | D:3      | Killed Natasha
  2937 | D:3      | Reached skill level 1 in Conjurations
  2937 | D:3      | Reached skill level 1 in Hexes
  2937 | D:3      | Reached skill level 1 in Charms
  2937 | D:3      | Reached skill level 1 in Summonings
  2937 | D:3      | Reached skill level 1 in Necromancy
  2937 | D:3      | Reached skill level 1 in Translocations
  2937 | D:3      | Reached skill level 1 in Transmutations
  2937 | D:3      | Reached skill level 1 in Fire Magic
  2937 | D:3      | Reached skill level 1 in Ice Magic
  2937 | D:3      | Reached skill level 1 in Air Magic
  2937 | D:3      | Reached skill level 1 in Earth Magic
  2937 | D:3      | Reached skill level 1 in Poison Magic
  3000 | D:3      | Reached XP level 5. HP: 39/47 MP: 8/8
  3055 | D:3      | Gained mutation: Your magical capacity is low. (-10% MP)
                  | [potion of mutation]
  3055 | D:3      | Gained mutation: You are agile. (Dex +2) [potion of
                  | mutation]
  3055 | D:3      | Gained mutation: You have a somewhat thin skeletal
                  | structure. (Dex +2, Stealth) [potion of mutation]
  3055 | D:3      | Gained mutation: You are resistant to electric shocks.
                  | (rElec) [potion of mutation]
  3123 | D:3      | Noticed Natasha
  3127 | D:3      | Killed from afar by an orc wizard

Illustrated notes

Levels and vault maps discovered:
D:1:      lemuel_arrival_cross, layout_basic, minivault_4,
          kennysheep_pointless_box, corexii_corridor_pit, dk_noncrumbling_3,
          hangedman_decor_growths
D:2:      layout_rooms, first_ration, minivault_26, chequers_big_river
D:3:      kennysheep_six_static_rooms, layout_basic, uniq_natasha

Skill      XL: |  1  2  3  4 |
---------------+-------------+-----
Short Blades   | 1 |  1.3
Axes           | 1 |  1.3
Maces & Flails | 1 |  1.3
Polearms       | 1 |  1.3
Staves         | 1 |  1.3
Slings         | 1 |  1.3
Bows           | 1 |  1.3
Crossbows      | 1 |  1.3
Throwing       | 1 |  1.3
Stealth        | 1 |  1.3
Shields        | 1 |  1.3
Unarmed Combat | 1 |  1.3
Spellcasting   | 1 |  1.3
Evocations     | 1 |  1.3
Conjurations   | 1 |  1.0
Hexes          | 1 |  1.0
Charms         | 1 |  1.0
Summonings     | 1 |  1.0
Necromancy     | 1 |  1.0
Translocations | 1 |  1.0
Transmutations | 1 |  1.0
Fire Magic     | 1 |  1.0
Ice Magic      | 1 |  1.0
Air Magic      | 1 |  1.0
Earth Magic    | 1 |  1.0
Poison Magic   | 1 |  1.0
Fighting       | |  6.6
Long Blades    | |  4.7
Armour         | |  4.7
Dodging        | |  2.8
Invocations    | |  4.8

Action                   |  1- 3 |  4- 6 || total
-------------------------+-------+-------++-------
Melee: Falchion          |    81 |    48 ||   129
       Bite              |     6 |     8 ||    14
       Broad axe         |       |    29 ||    29
       Punch             |       |     1 ||     1
Invok: Depart the Abyss  |     1 |       ||     1
  Use: Scroll            |     8 |     3 ||    11
       Potion            |     2 |     6 ||     8
 Stab: Sleeping          |     2 |     2 ||     4
  Eat: Chunk             |     3 |     4 ||     7
Armor: Leather armour    |    32 |    29 ||    61
Dodge: Dodged            |    85 |    77 ||   162
       Rpst.: Falchion   |    28 |    18 ||    46

Table legend:
 A = Non-vault XP
 B = Vault XP
 C = Vault XP percentage of total XP
 D = Non-vault monster count
 E = Vault monster count
 F = Vault count percentage of total count
                 A         B        C        D         E       F
            +---------+---------+-------+---------+---------+-------
      Total |     138 |      36 |  20.7 |      63 |       1 |   1.6
            +---------+---------+-------+---------+---------+-------
        D:1 |      45 |       0 |   0.0 |      25 |       0 |   0.0
        D:2 |      69 |       0 |   0.0 |      29 |       0 |   0.0
        D:3 |      24 |      36 |  60.0 |       9 |       1 |  10.0
            +---------+---------+-------+---------+---------+-------
